 Dungeon Crawl Stone Soup version 0.15-a0-1880-g53e602b (webtiles) character file.

49 Kenran the Ruffian (level 3, -1/23 HPs)
             Began as a Gargoyle Monk on July 5, 2014.
             Was a Believer of Makhleb.
             Slain by an ogre
             ... wielding a +0 giant spiked club
              (18 damage)
             ... on Level 4 of the Dungeon.
             The game lasted 00:07:05 (2418 turns).

Kenran the Ruffian (Gargoyle Monk)                  Turns: 2418, Time: 00:07:06

HP  -1/23        AC  6     Str 15      XL: 3   Next: 77%
MP   3/3         EV 11     Int 10      God: Makhleb [**....]
Gold 80          SH  0     Dex 12      Spells:  0 memorised,  2 levels left

rFire  . . .     SeeInvis +       - Unarmed
rCold  . . .     Clarity  .     m - +0 leather armour
rNeg   + . .     rCorr    .     (no shield)
rPois  +         rRot     +     (no helmet)
rElec  +         Spirit   .     (no cloak)
SustAb .         Warding  .     (no gloves)
rMut   .         Stasis   .     (no boots)
Gourm  .                        (no amulet)
MR     .....                    (no ring)
                                f - ring of see invisible

@: not resistant to hostile enchantments, unstealthy
A: negative energy resistance 1, electricity resistance, unbreathing,
petrification resistance, rot immunity, AC +3
a: Minor Destruction, Renounce Religion


You were on level 4 of the Dungeon.
You worshipped Makhleb.
Makhleb was pleased with you.
You were not hungry.

You visited 2 branches of the dungeon, and saw 4 of its levels.

You collected 80 gold pieces.

Inventory:

Armour
 a - a +0 leather armour of cold resistance
 m - a +0 leather armour (worn)
Comestibles
 b - 2 bread rations
Scrolls
 g - 3 scrolls of identify {unknown}
 i - a scroll of noise {unknown}
 k - a scroll of remove curse
Jewellery
 f - a ring of see invisible (left hand)
Potions
 c - a potion of curing {unknown}
 d - a potion of might {unknown}
 e - a potion of paralysis {unknown}
 h - a potion of cure mutation {unknown}


   Skills:
 - Level 3.2 Fighting
 - Level 2.4 Dodging
 - Level 2.1 Stealth
 + Level 5.3 Unarmed Combat


You had 2 spell levels left.
You didn't know any spells.

Dungeon Overview and Level Annotations

Branches:
Dungeon (4/15)             Temple (1/1) D:4

Altars:
Ashenzari
Elyvilon
Fedhas
Kikubaaqudgha
Makhleb
Nemelex Xobeh
Okawaru
Qazlal
Sif Muna
Xom
Zin
The Shining One

Annotations:
D:4 Grinder


Innate Abilities, Weirdness & Mutations

You are resistant to torment.
You are immune to poison.
Your stone body is very resilient (AC +3).
You resist negative energy.
You are resistant to electric shocks.
You can survive without breathing.
You are immune to petrification.
You are immune to rotting.


Message History

You hit the rat.
You kill the rat!
Makhleb accepts your kill.
You feel a little better.
You hit the ogre.
The ogre is lightly wounded.
The ogre barely misses you.
You hit the ogre.
The ogre is moderately wounded.
The ogre misses you.
You barely miss the ogre.
The ogre is moderately wounded.
You hit the ogre but do no damage.
The ogre is moderately wounded.
The ogre hits you with a giant spiked club.
You closely miss the ogre.
The ogre is moderately wounded.
The ogre hits you with a giant spiked club!!
Ouch! That really hurt!
You die...

#.... # #... #..##
#..# .....## #..#
.......##..##
.............###
..............[##
..........#.O...##
.........###@...###
........r#
###....#########
.........#
##.......[)..#
........#
###...###...#
........ ###.#
#.⌠.# .......
#####...### ......
#......... ...
#.⌠..>..⌠.
#.........


You could see an ogre.

Vanquished Creatures
  An adder (D:2)
  A worm (D:2)
  An ooze (D:2)
  4 orcs (D:4)
  2 giant cockroaches (D:1)
  4 goblins
  7 hobgoblins
  2 bats (D:1)
  A giant newt (D:2)
  2 kobolds
  A quokka (D:2)
  4 rats
30 creatures vanquished.

Notes
Turn   | Place    | Note
--------------------------------------------------------------
     0 | D:1      | Kenran, the Gargoyle Monk, began the quest for the Orb.
     0 | D:1      | Reached XP level 1. HP: 14/14 MP: 1/1
   804 | D:1      | Reached XP level 2. HP: 16/19 MP: 2/2
  1404 | D:2      | Reached XP level 3. HP: 20/23 MP: 3/3
  1475 | D:2      | Reached skill level 5 in Unarmed Combat
  2123 | D:2      | You fall through a shaft for 2 floors!
  2124 | D:4      | Found a staircase to the Ecumenical Temple.
  2131 | Temple   | Entered the Ecumenical Temple
  2145 | Temple   | Became a worshipper of Makhleb the Destroyer
  2145 | Temple   | Acquired Makhleb's first power
  2145 | Temple   | Acquired Makhleb's second power
  2390 | D:4      | Noticed Grinder
  2402 | D:4      | Noticed an ogre
  2418 | D:4      | Slain by an ogre

Action                   || total
-------------------------++-------
Melee: Unarmed           ||   125
  Use: Scroll            ||     2
 Stab: Sleeping          ||     2
